 Dungeon Crawl Stone Soup version 0.17.2-1-ge4368a0 (webtiles) character file.

4299 Goblin1989 the Cleaver (level 10, -1/90 HPs)
             Began as a Minotaur Hunter on Oct 16, 2016.
             Was an Initiate of Gozag.
             Slain by a killer bee (3 damage)
             ... on level 10 of the Dungeon.
             The game lasted 00:26:38 (9013 turns).

Goblin1989 the Cleaver (Minotaur Hunter)            Turns: 9013, Time: 00:26:39

Health: -1/90      AC: 15    Str: 18    XL:     10   Next: 11%
Magic:  9/9        EV:  8    Int:  8    God:    Gozag
Gold:   963        SH:  0    Dex: 13    Spells: 1 memorised, 4 levels left

rFire  . . .     SeeInvis .     b - +1 hand axe (flame)
rCold  . . .     Clarity  +     m - +0 plate armour (curse)
rNeg   . . .     SustAt   +     (no shield)
rPois  +         Gourm    .     (helmet restricted)
rElec  .         Spirit   .     J - +0 cloak
rCorr  .         Warding  .     y - +0 pair of gloves
rMut   .         Stasis   .     (no boots)
MR     .....                    A - amulet of clarity
Stlth  ..........               o - ring of poison resistance
                                f - ring of sustain attributes

@: not resistant to hostile enchantments, extremely unstealthy
A: retaliatory headbutt, horns 2
a: Potion Petition, Call Merchant, Bribe Branch, Renounce Religion


You were on level 10 of the Dungeon.
You worshipped Gozag.
Gozag was noncommittal.
You were very hungry.

You visited 1 branch of the dungeon, and saw 10 of its levels.

You collected 1032 gold pieces.
You paid 69 gold pieces to Gozag.

Inventory:

Hand Weapons
 a - a +1 shortbow
 b - a +1 hand axe of flaming (weapon)
 H - a +0 battleaxe
Missiles
 d - 50 arrows (quivered)
 F - 10 arrows of frost
 Z - a throwing net {=f, !d}
Armour
 m - a cursed +0 plate armour (worn)
 y - a +0 pair of gloves (worn)
 J - a +0 cloak (worn)
Jewellery
 f - a ring of sustain attributes (left hand)
 o - a ring of poison resistance (right hand)
 A - an amulet of clarity (around neck)
Wands
 B - a wand of polymorph (6)
 E - a wand of cold (8)
 M - a wand of slowing (11)
Scrolls
 c - 2 scrolls of fear {unknown}
 h - 7 scrolls of identify {unknown}
 i - 6 scrolls of remove curse {unknown}
 j - 2 scrolls of recharging {unknown}
 l - 3 scrolls of silence {unknown}
 p - a scroll of random uselessness {unknown}
 q - 3 scrolls of teleportation {unknown}
 r - 2 scrolls of enchant weapon {unknown}
 w - 2 scrolls of enchant armour {unknown}
 G - a scroll of magic mapping {unknown}
 K - a scroll of blinking {unknown}
 L - a scroll of fog {unknown}
Potions
 g - 3 potions of brilliance {unknown}
 k - 4 potions of curing {unknown}
 n - 3 potions of agility {unknown}
 s - 4 potions of ambrosia {unknown}
 t - 2 potions of heal wounds {unknown}
 v - 3 potions of might {unknown}
 x - a potion of haste {unknown}
 z - a potion of degeneration {unknown}
 C - a potion of cancellation {unknown}
 D - 4 potions of poison {unknown}
 I - a potion of resistance {unknown}
Comestibles
 e - 8 bread rations {@e1}
 u - 3 meat rations {@e2}


   Skills:
 + Level 8.4 Fighting
 * Level 11.6 Axes
 - Level 4.3 Bows
 + Level 6.9 Armour
 + Level 7.0 Dodging
 - Level 0.7 Stealth


You had 4 spell levels left.
You knew the following spells:

 Your Spells              Type           Power        Failure   Level  Hunger
p - Phase Shift           Tloc           #.........   100%        5    ######.


Dungeon Overview and Level Annotations

Branches:
Dungeon (10/15)            Temple (0/1) D:6            Lair (0/8) D:9
    Orc: D:9-12

Altars:
Cheibriados
Dithmenos
Fedhas
Gozag
Makhleb
Nemelex Xobeh
Vehumet
Xom

Shops:
D:4 *:


Innate Abilities, Weirdness & Mutations

You reflexively headbutt those who attack you in melee.
You have a pair of horns on your head.


Message History

The phantom is distracted by the nearby gold.
Unknown command.
You hit the two-headed ogre. You burn the two-headed ogre.
The two-headed ogre is severely wounded.
The phantom is no longer distracted by gold.
The killer bee is no longer distracted by gold. x2
The killer bee stings you.
* * * LOW HITPOINT WARNING * * *
The two-headed ogre barely misses you. You furiously retaliate!
You headbutt the two-headed ogre.
The two-headed ogre hits you with a giant club.
* * * LOW HITPOINT WARNING * * *
You take 11 damage, and have 2/89 hp.
You slash the two-headed ogre! You burn the two-headed ogre.
You kill the two-headed ogre!
Your Dodging skill increases to level 7!
You hit the killer bee but do no damage.
You closely miss the killer bee. The killer bee stings you.
You die...
Your body crumbles into a pile of gold.

ਜ. .....ਜ ਜ.. .....
ਜ..ਜਜਜਜ▲ਜ....ਜਜ ਜਜ.
ਜ..........ਜਜਜ. [).
ਜ..........ਜਜ.. ਜ$ਜ
ਜ..........ਜ...ਜਜਜ..ਜਜ
ਜ......<...ਜ...W.....ਜ
ਜਜਜਜਜ......ਜਜ.y$y....ਜ
ਜ......ਜਜਜਜ@ਜਜਜ
ਜ......ਜਜ.....ਜਜ
ਜਜਜਜਜ......ਜ.......ਜ
...........ਜ.......ਜ
......................
......................
.......................
.......................
.............ਜਜਜਜਜਜਜ..


You could see a phantom and 2 killer bees.

Vanquished Creatures
  A troll (D:10)
  2 two-headed ogres
  Sigmund (D:4)
  A spriggan (D:8)
  Eustachio (D:4)
  A hippogriff (D:8)
  A basilisk (D:10)
  A wasp (D:7)
  2 phantoms
  2 sky beasts
  2 ice beasts
  An orc warrior (D:8)
  A crocodile (D:8)
  4 ogres
  2 centaurs
  2 giant frogs (D:8)
  2 scorpions
  7 killer bees
  5 crimson imps
  A centaur zombie (D:6)
  5 orc priests
  A hound (D:7)
  A centaur skeleton (D:8)
  4 orc wizards
  A quasit (D:9)
  An iguana (D:6)
  8 worker ants
  A hound skeleton (D:4)
  A worker ant zombie (D:6)
  Robin (D:2)
  10 adders
  7 gnolls
  A shadow imp (D:10)
  An ooze (D:6)
  An adder skeleton (D:10)
  4 worms
  4 giant geckos
  16 orcs
  6 giant cockroaches
  15 goblins
  14 hobgoblins
  12 jackals
  12 kobolds
  A quokka (D:7)
  A ball python (D:5)
  10 bats
  A giant gecko zombie (D:6)
  5 giant newts
  2 jackal skeletons
  A quokka skeleton (D:5)
  8 rats
196 creatures vanquished.

Vanquished Creatures (others)
  An orc priest (D:6)
  An orc wizard (D:6)
  An orc (D:6)
  4 jackals (D:6)
7 creatures vanquished.

Grand Total: 203 creatures vanquished

Notes
Turn   | Place    | Note
--------------------------------------------------------------
     0 | D:1      | Goblin1989 the Minotaur Hunter began the quest for the Orb.
     0 | D:1      | Reached XP level 1. HP: 18/18 MP: 0/0
   100 | D:1      | Reached XP level 2. HP: 26/26 MP: 1/1
   534 | D:1      | Reached XP level 3. HP: 33/33 MP: 2/2
   793 | D:2      | Found a radiant altar of Vehumet.
   809 | D:2      | Noticed Robin
   841 | D:2      | Killed Robin
   841 | D:2      | Reached skill level 1 in Axes
  1230 | D:2      | Reached XP level 4. HP: 26/41 MP: 3/3
  1388 | D:2      | Found a blossoming altar of Fedhas.
  1399 | D:2      | Found a snail-covered altar of Cheibriados.
  1403 | D:2      | Found a shimmering altar of Xom.
  1660 | D:3      | Reached XP level 5. HP: 45/47 MP: 4/4
  1716 | D:3      | Reached skill level 5 in Axes
  2141 | D:3      | Noticed a centaur
  2149 | D:3      | Killed a centaur
  2149 | D:3      | Reached skill level 6 in Axes
  2149 | D:3      | Reached XP level 6. HP: 47/53 MP: 5/5
  2326 | D:4      | Found Erghuprelab's Book Shoppe.
  2666 | D:4      | Found Xasuxes's General Store.
  2726 | D:4      | Noticed Eustachio
  2753 | D:4      | Killed Eustachio
  2753 | D:4      | Reached skill level 1 in Armour
  2942 | D:4      | Noticed Sigmund
  2953 | D:4      | Reached XP level 7. HP: 30/60 MP: 6/6
  2967 | D:4      | Killed Sigmund
  2967 | D:4      | Reached skill level 5 in Fighting
  2967 | D:4      | Reached skill level 7 in Axes
  3350 | D:5      | Entered Level 5 of the Dungeon
  4113 | D:5      | Found an opulent altar of Gozag.
  4124 | D:5      | Became a worshipper of Gozag Ym Sagoz the Greedy
  4682 | D:6      | Reached skill level 8 in Axes
  4733 | D:6      | Found a sparkling altar of Nemelex Xobeh.
  4838 | D:6      | Reached XP level 8. HP: 64/70 MP: 7/7
  5144 | D:6      | Reached skill level 9 in Axes
  5250 | D:6      | Got a dazzling quarterstaff {venom}
  5657 | D:6      | Found a staircase to the Ecumenical Temple.
  5736 | D:7      | Got an ancient arbalest
  5737 | D:7      | Identified the +6 arbalest of Kaativy {elec, rElec rC+ Str+4 Dex-4} (You found it on level 7 of the Dungeon)
  5739 | D:7      | Identified the +5 quarterstaff "Unyisu" {venom, *Drain MP+9 Int+7} (You took it off an orc on level 6 of the Dungeon)
  5763 | D:7      | Reached skill level 5 in Dodging
  6117 | D:7      | Found a burning altar of Makhleb.
  6311 | D:8      | Reached XP level 9. HP: 78/78 MP: 8/8
  6366 | D:8      | Reached skill level 5 in Armour
  6378 | D:8      | Learned a level 5 spell: Phase Shift
  6446 | D:8      | Reached skill level 10 in Axes
  8272 | D:8      | Reached skill level 11 in Axes
  8377 | D:9      | Found a shadowy altar of Dithmenos.
  8449 | D:9      | Found a staircase to the Lair.
  8970 | D:10     | Entered Level 10 of the Dungeon
  9008 | D:10     | Reached XP level 10. HP: 33/88 MP: 9/9
  9012 | D:10     | HP: 2/89 [two-headed ogre/giant spiked club (5)]
  9013 | D:10     | Slain by a killer bee

Action                   |  1- 3 |  4- 6 |  7- 9 | 10-12 || total
-------------------------+-------+-------+-------+-------++-------
Melee: Hand axe          |    61 |   130 |   403 |     5 ||   599
 Fire: Shortbow          |    79 |    23 |    34 |       ||   136
Invok: Potion Petition   |       |       |     1 |       ||     1
 Stab: Distracted        |       |       |     2 |       ||     2
  Eat: Chunk             |     1 |     5 |     4 |       ||    10
       Pizza             |       |       |     2 |       ||     2
       Fruit             |       |       |     4 |       ||     4
       Beef jerky        |       |       |     2 |       ||     2
       Meat ration       |       |       |     1 |       ||     1

Vault maps used:
D:1:      saegor_arrival_simple_d
D:2:      minmay_overflow_temple_star_quad, lemuel_doored_altar, uniq_robin
D:4:      first_bread, serial_shops, nicolae_shop_trees, shop, uniq_eustachio,
          uniq_sigmund
D:5:      grunt_gozag_statues
D:6:      kennysheep_spiral_hall, nemelex_deck, lemuel_temple_firewalk_marked
D:7:      makhleb_grotto_becter
D:8:      the_bakery
D:9:      lair_0_dummy, basic_altar
D:10:     minmay_curly_fans, serial_shops, shop_fountains,
          hangedman_abyss_or_decor_clamps
